 Dungeon Sprint DCSS version 0.22-a0-63-geddfa9b (webtiles) character file.

9995 Kidiri the Peltast (level 11, 0/112 HPs)
             Began as a Minotaur Fighter on Jan 10, 2018.
             Was a High Priest of Okawaru.
             Slain by a 13-headed hydra (9 damage)
             ... in the Dungeon (Sprint III: "The Ten Rune Challenge") on Jan 11, 2018.
             The game lasted 00:12:49 (2937 turns).

Kidiri the Peltast (Minotaur Fighter)               Turns: 2937, Time: 00:12:49

Health: 0/112      AC: 11    Str: 24    XL:     11   Next: 30%
Magic:  9/14       EV: 17    Int:  5    God:    Okawaru [*****.]
Gold:   33         SH: 16    Dex: 10    Spells: 10/10 levels left

rFire    + . .     SeeInvis .   g - +2 long sword (holy)
rCold    . . .     Gourm    .   c - +0 shield
rNeg     . . .     Faith    .   b - +0 scale mail
rPois    .         Spirit   .   (helmet unavailable)
rElec    .         Reflect  .   t - scarf {cloud immunity}
rCorr    .         Harm     .   (no gloves)
MR       .....     NoTele   +   (no boots)
Stlth    +.........             (no amulet)
HPRegen  0.28/turn              (no ring)
MPRegen  0.14/turn              (no ring)

@: heroism, finesse
A: retaliatory headbutt, hooves 1, horns 3, fire resistance 1, low mp 1
a: Heroism, Finesse, Renounce Religion


You were in the Dungeon.
You worshipped Okawaru.
Okawaru was extremely pleased with you.
You were not hungry.

You visited 1 branch You collected 33 gold pieces.

Inventory:

Hand Weapons
 a - a +0 long sword
 g - a +2 long sword of holy wrath (weapon)
Missiles
 l - 4 throwing nets (quivered)
 m - 5 steel javelins
 o - 4 javelins
Armour
 b - a +0 scale mail (worn)
 c - a +0 shield (worn)
 t - a scarf of cloud immunity (worn)
Scrolls
 k - 2 scrolls of blinking
 n - a scroll of holy word
 q - a scroll of immolation {unknown}
 r - a scroll of remove curse {unknown}
Potions
 e - a potion of curing
 h - a potion of haste
 i - 2 potions of magic
 p - a potion of flight
 s - a potion of cancellation
Books
 j - a book of Misfortune

   Spells                             Type                      Level
   a - Confusing Touch                Hexes                        1
   b - Confuse                        Hexes                        3
   c - Gell's Gravitas                Translocation                3
   d - Petrify                        Transmutation/Earth          4
   e - Metabolic Englaciation         Hexes/Ice                    5
   f - Yara's Violent Unravelling     Hexes/Transmutation          5
Comestibles
 d - 4 chunks of flesh
 f - 18 rations


   Skills:
 * Level 15.0(20.0) Fighting
 * Level 14.9(19.9) Long Blades
 + Level 2.2(7.2) Throwing
 * Level 15.0(20.0) Armour
 + Level 10.0(15.0) Dodging
 * Level 15.0(20.0) Shields
 + Level 7.8 Invocations


You had 10 spell levels left.
You didn't know any spells.

Dungeon Overview and Level Annotations

Branches:
Dungeon (1/1)

Altars:
Cheibriados
Dithmenos
Elyvilon
Fedhas
Gozag
Hepliaklqana
Kikubaaqudgha
Makhleb
Nemelex Xobeh
Okawaru
Qazlal
Ru
Sif Muna
Trog
Uskayaw
Vehumet
Wu Jian
Xom
Yredelemnul
Zin
The Shining One
Beogh
Jiyva
Lugonu

Annotations:
D exclusion: door


Innate Abilities, Weirdness & Mutations

You reflexively headbutt those who attack you in melee.
You have a pair of large horns on your head.
You have large cloven feet.
Your flesh is heat resistant. (rF+)
Your magical capacity is low. (-10% MP)


Message History

The 11-headed hydra grows two more!
You slice the 13-headed hydra!! You kick the 13-headed hydra.
You headbutt the 13-headed hydra!!
The 13-headed hydra is almost dead.
Unknown command.
You barely miss the 13-headed hydra. Your kick misses the 13-headed hydra.
The 13-headed hydra is almost dead.
You block the 13-headed hydra's attack. The 13-headed hydra bites you!
* * * LOW HITPOINT WARNING * * *
The 13-headed hydra bites you but does no damage.
You block the 13-headed hydra's attack. x2
The 13-headed hydra closely misses you.
The 13-headed hydra bites you but does no damage.
The 13-headed hydra closely misses you. The 13-headed hydra bites you.
* * * LOW HITPOINT WARNING * * *
The 13-headed hydra bites you!
* * * LOW HITPOINT WARNING * * *
The 13-headed hydra bites you.
* * * LOW HITPOINT WARNING * * *
The 13-headed hydra barely misses you. The 13-headed hydra bites you!
You die...

≈♣♣.....♣♣♣♣≈≈≈........≈≈≈...#...
≈♣♣.≈≈≈≈+♣♣'♣≈≈≈≈≈≈≈≈≈≈≈≈♣♣P.'...
≈≈+.....#.≈♣♣♣♣♣♣♣♣♣♣♣♣♣♣♣♣PP#...
§♣♣♣♣♣♣♣#..♣♣ ♣♣♣##+# ≈♣
###'♣♣♣♣♣♣♣♣♣♣♣♣♣♣ ##
♣♣♣♣.##..##≈≈≈≈≈≈..
♣...##.##.#≈≈≈≈≈...
♣♣.##.##.##'≈≈≈≈§#
♣..#.##.@D#≈≈..§§§
♣♣.##.##.)#≈..+###
♣♣.##.#####...# ♣.....# ...#
####### ####


You could see a 13-headed hydra.

Vanquished Creatures
  A hydra (D)
  Erolcha (D)
  Urug (D)
  A lindwurm (D)
  A deep elf mage (D)
  2 spiny frogs (D)
  A rime drake (D)
  A komodo dragon (D)
  A queen bee (D)
  2 tyrant leeches (D)
  3 wandering mushrooms (D)
  5 blink frogs (D)
  A shadow (D)
  5 redbacks (D)
  A spatial vortex (D)
  A swamp drake (D)
  A necrophage (D)
  5 two-headed ogres (D)
  A water elemental (D)
  A scorpion (D)
  32 killer bees (D)
  A jelly (D)
  A wizard (D)
  A necromancer (D)
  3 humans (D)
  A kobold demonologist (D)
  An ooze (D)
  3 rats (D)
79 creatures vanquished.

Vanquished Creatures (others)
  2 draconian scorchers (D)
  6 hellions (D)
  3 yaktaurs (D)
  2 plants (D)
13 creatures vanquished.

Grand Total: 92 creatures vanquished

Notes
Turn   | Place    | Note
-------+----------+-------------------------------------------
     0 | D        | Kidiri the Minotaur Fighter began the quest for the Orb.
     0 | D        | Reached XP level 1. HP: 19/19 MP: 0/0
    85 | D        | Killed a hellion
    88 | D        | Killed a yaktaur
   120 | D        | Killed a hellion
   122 | D        | Killed a hellion
   155 | D        | Killed a white draconian scorcher
   156 | D        | Reached skill level 1 in Dodging
   172 | D        | Killed a white draconian scorcher
   177 | D        | Noticed a scorpion
   186 | D        | Killed a scorpion
   186 | D        | Reached skill level 5 in Fighting
   186 | D        | Reached skill level 5 in Armour
   186 | D        | Reached skill level 5 in Shields
   186 | D        | Reached XP level 2. HP: 11/29 MP: 1/1
   186 | D        | Reached XP level 3. HP: 14/36 MP: 2/2
   207 | D        | Killed a hellion
   208 | D        | Killed a hellion
   223 | D        | Killed a hellion
   364 | D        | Gained mutation: You are partially covered in large bone plates. (SH +4) [potion of mutation]
   364 | D        | Gained mutation: You tend to lose your temper in combat. [potion of mutation]
   364 | D        | Gained mutation: You are partially covered in molten scales. (AC +2) [potion of mutation]
   365 | D        | Lost mutation: You are partially covered in molten scales. (AC +2) [potion of mutation]
   365 | D        | Lost mutation: You tend to lose your temper in combat. [potion of mutation]
   365 | D        | Lost mutation: You are partially covered in large bone plates. (SH +4) [potion of mutation]
   365 | D        | Gained mutation: You are partially covered in yellow scales. (AC +2) [potion of mutation]
   365 | D        | Gained mutation: Your skin changes colour to match your surroundings (Stealth+). [potion of mutation]
   365 | D        | Gained mutation: You are robust. (+10% HP) [potion of mutation]
   369 | D        | Lost mutation: You are robust. (+10% HP) [potion of mutation]
   369 | D        | Lost mutation: You are partially covered in yellow scales. (AC +2) [potion of mutation]
   369 | D        | Gained mutation: You are somewhat resistant to further mutation. [potion of mutation]
   369 | D        | Gained mutation: You can translocate small distances at will. [potion of mutation]
   370 | D        | Lost mutation: You can translocate small distances at will. [potion of mutation]
   370 | D        | Lost mutation: You are somewhat resistant to further mutation. [potion of mutation]
   370 | D        | Lost mutation: Your skin changes colour to match your surroundings (Stealth+). [potion of mutation]
   370 | D        | Gained mutation: You have large cloven feet. [potion of mutation]
   370 | D        | Gained mutation: You have a pair of large horns on your head. [potion of mutation]
   370 | D        | Gained mutation: Your magical capacity is low. (-10% MP) [potion of mutation]
   370 | D        | Gained mutation: Your flesh is heat resistant. (rF+) [potion of mutation]
   396 | D        | Reached skill level 5 in Long Blades
   396 | D        | Reached XP level 4. HP: 28/44 MP: 2/2
   524 | D        | Killed a yaktaur
   530 | D        | Noticed a water elemental
   533 | D        | Killed a water elemental
   574 | D        | Found a hide-covered altar of Uskayaw.
   574 | D        | Found a roughly hewn altar of Beogh.
   574 | D        | Found an iron altar of Okawaru.
   574 | D        | Found a bloodstained altar of Trog.
   574 | D        | Found an ornate altar of the Wu Jian Council.
   574 | D        | Noticed a human
   574 | D        | Noticed a human
   585 | D        | Killed a human
   585 | D        | Reached XP level 5. HP: 52/53 MP: 3/3
   585 | D        | Reached XP level 6. HP: 60/61 MP: 4/4
   587 | D        | Killed a human
   590 | D        | Became a worshipper of Warmaster Okawaru
   630 | D        | Found a glowing silver altar of Zin.
   631 | D        | Found a glowing golden altar of the Shining One.
   631 | D        | Found a white marble altar of Elyvilon.
   631 | D        | Noticed a deep elf mage
   651 | D        | Killed a deep elf mage
   651 | D        | Reached * piety under Okawaru
   651 | D        | Reached skill level 10 in Fighting
   651 | D        | Reached skill level 10 in Armour
   651 | D        | Reached skill level 5 in Dodging
   651 | D        | Reached skill level 10 in Shields
   651 | D        | Reached XP level 7. HP: 52/72 MP: 4/6
   749 | D        | Found a radiant altar of Vehumet.
   749 | D        | Found a deep blue altar of Sif Muna.
   749 | D        | Found an ancient bone altar of Kikubaaqudgha.
   755 | D        | Reached ** piety under Okawaru
   813 | D        | Found a basalt altar of Yredelemnul.
   813 | D        | Found a shadowy altar of Dithmenos.
   813 | D        | Found a sacrificial altar of Ru.
   991 | D        | Noticed a shadow
   996 | D        | Killed a shadow
   996 | D        | Reached skill level 10 in Long Blades
   996 | D        | Reached XP level 8. HP: 67/80 MP: 8/8
  1050 | D        | Found a blossoming altar of Fedhas.
  1050 | D        | Found a stormy altar of Qazlal.
  1051 | D        | Found a snail-covered altar of Cheibriados.
  1051 | D        | Found a burning altar of Makhleb.
  1051 | D        | Found a hazy altar of Hepliaklqana.
  1051 | D        | Found a shimmering altar of Xom.
  1051 | D        | Found an opulent altar of Gozag.
  1051 | D        | Found a sparkling altar of Nemelex Xobeh.
  1051 | D        | Found a corrupted altar of Lugonu.
  1051 | D        | Found a viscous altar of Jiyva.
  1276 | D        | Noticed a two-headed ogre
  1285 | D        | Killed a two-headed ogre
  1285 | D        | Reached *** piety under Okawaru
  1293 | D        | Noticed a two-headed ogre
  1293 | D        | Noticed Erolcha
  1298 | D        | Killed Erolcha
  1298 | D        | Reached XP level 9. HP: 89/90 MP: 7/10
  1310 | D        | Killed a two-headed ogre
  1310 | D        | Reached skill level 5 in Invocations
  1443 | D        | Noticed a queen bee
  1484 | D        | Killed a queen bee
  1484 | D        | Reached **** piety under Okawaru
  1629 | D        | Killed a yaktaur
  1725 | D        | Reached XP level 10. HP: 77/100 MP: 8/11
  2055 | D        | Reached ***** piety under Okawaru
  2068 | D        | Noticed a spiny frog
  2068 | D        | Noticed a spiny frog
  2079 | D        | Killed a spiny frog
  2091 | D        | Killed a spiny frog
  2681 | D        | Noticed a lindwurm
  2688 | D        | Killed a lindwurm
  2708 | D        | Noticed Urug
  2715 | D        | Killed Urug
  2715 | D        | Received a gift from Okawaru
  2715 | D        | Reached XP level 11. HP: 97/111 MP: 13/13
  2821 | D        | Reached skill level 1 in Throwing
  2848 | D        | Received a gift from Okawaru
  2914 | D        | Noticed a four-headed hydra
  2914 | D        | Noticed a seven-headed hydra
  2927 | D        | Killed an eight-headed hydra
  2927 | D        | Reached skill level 15 in Fighting
  2927 | D        | Reached skill level 15 in Armour
  2927 | D        | Reached skill level 10 in Dodging
  2927 | D        | Reached skill level 15 in Shields
  2937 | D        | Slain by a 13-headed hydra

Vault maps used:
D:        dungeon_sprint_mu

Skill      XL: |  1  2  3  4  5  6  7  8  9 10 11 |
---------------+----------------------------------+-----
Fighting       | 5 7 10 12 14 15 | 15.0
Long Blades    | 4 5 7 9 10 11 12 14 | 14.9
Armour         | 5 7 10 12 13 14 15 | 15.0
Shields        | 5 7 10 12 14 15 | 15.0
Dodging        | 2 4 5 6 7 8 9 10 | 10.0
Invocations    | 2 3 4 5 7 |  7.8
Throwing       | 2 |  2.2

Action                   |  1- 3 |  4- 6 |  7- 9 | 10-12 || total
-------------------------+-------+-------+-------+-------++-------
Melee: Long sword        |    23 |    18 |   121 |   173 ||   335
       Headbutt          |     5 |     5 |    24 |    37 ||    71
       Kick              |     4 |     6 |    44 |    59 ||   113
Throw: Throwing net      |       |       |       |     2 ||     2
Invok: Heroism           |       |       |     5 |     8 ||    13
       Finesse           |       |       |       |     2 ||     2
  Use: Potion            |     4 |     3 |     1 |       ||     8
       Scroll            |     3 |       |       |       ||     3
 Stab: Held in net/web   |       |       |       |     5 ||     5
  Eat: Chunk             |       |       |     2 |     1 ||     3
       Ration            |       |       |       |     1 ||     1
Armor: Scale mail        |     5 |     7 |    11 |    12 ||    35
Dodge: Dodged            |     3 |     9 |    48 |    56 ||   116
Block: Shield            |     9 |     9 |    71 |    82 ||   171
       Rpst.: Long sword |     2 |     6 |    12 |    13 ||    33

Table legend:
 A = Spawn XP
 B = Non-spawn XP
 C = Spawn XP percentage of total XP
 D = Spawn monster count
 E = Non-spawn monster count
 F = Spawn count percentage of total count
 G = Total turns spent on level
                    A         B        C        D         E        F      G
               +---------+---------+-------+---------+---------+-------+---------
         Total |       0 |   14279 |   0.0 |       0 |      79 |   0.0 |  2937
               +---------+---------+-------+---------+---------+-------+---------
             D |       0 |   14279 |   0.0 |       0 |      79 |   0.0 |  2937
               +---------+---------+-------+---------+---------+-------+---------
